 Dungeon Crawl Stone Soup version 0.31-a0-150-g89dc3ad700 (webtiles) character file.

Game seed: 1519103931954602361

630 qw the Skirmisher (level 7, -7/57 (61) HPs)
             Began as a Minotaur Hunter on June 8, 2023.
             Was an Initiate of Okawaru.
             Mangled by a wight
             ... wielding a +3 morningstar
              (13 damage)
             ... on level 5 of the Dungeon.
             The game lasted 00:01:21 (4186 turns).

qw the Skirmisher (Minotaur Hunter)                 Turns: 4186, Time: 00:01:21

HP:   -7/57 (61)    AC:  5    Str: 15    XL:     7   Next: 24%
MP:   6/6           EV: 16    Int:  6    God:    Okawaru [......]
Gold: 307           SH:  0    Dex: 16    Spells: 6/6 levels left

rFire   . . .        Y - +3 orcbow (freeze)
rCold   . . .        (shield currently unavailable)
rNeg    . . .        b - +0 ring mail
rPois   .            (helmet restricted)
rElec   .            (no cloak)
rCorr   .            (no gloves)
SInv    .            (no boots)
Will    .....        e - amulet of regeneration
Stlth   +            n - +5 ring of evasion
HPRegen 1.09/turn    (no ring)
MPRegen 0.10/turn

%: no passive effects
@: drained
A: horns 2, retaliatory headbutt
a: Renounce Religion


You were on level 5 of the Dungeon.
You worshipped Okawaru.
Okawaru was noncommittal.
You visited 2 branches of the dungeon, and saw 7 of its levels.

You collected 307 gold pieces.


Innate Abilities, Weirdness & Mutations

You have a pair of horns on your head.
You reflexively headbutt those who attack you in melee.


   Skills:
 - Level 5.5 Fighting
 - Level 8.1 Ranged Weapons
 - Level 1.3 Armour
 + Level 2.9 Dodging
 - Level 0.7 Stealth


You had 6 spell levels left.
You didn't know any spells.
Your spell library was empty.

Inventory:

Hand Weapons
 Y - a +3 orcbow of freezing (weapon)
Armour
 b - a +0 ring mail (worn)
Jewellery
 e - an amulet of regeneration (around neck)
 n - a +5 ring of evasion (left hand)
Scrolls
 j - a scroll of identify
Potions
 c - a potion of resistance
 d - a potion of might {unknown}
 f - a potion of heal wounds {unknown}
 g - 2 potions of curing

Dungeon Overview and Level Annotations

Branches:
Dungeon (6/15)             Temple (1/1) D:5

Altars:
Ashenzari
Cheibriados
Dithmenos
Elyvilon
Fedhas
Gozag
Hepliaklqana
Makhleb
Nemelex Xobeh
Okawaru
Qazlal
Ru
Sif Muna
Trog
Uskayaw
Xom
Yredelemnul


Message History

You kill the black bear!
Okawaru is honoured by your kill. The wight barely misses you.
You furiously retaliate!
You headbutt the wight, but do no damage.
Your Fighting skill increases to level 5!
You have reached level 7!
You shoot an arrow. The arrow hits the wight!
The wight is severely damaged.
The wight barely misses you. You furiously retaliate!
You headbutt the wight.
You destroy the wight!
Okawaru accepts your kill.
Your life force feels restored.
You start resting.
HP restored.
Things that are here:
a +3 long sword; a +0 robe Done exploring.
(D) Dungeon (T) Temple
Where to? (* - list waypoints, Enter - D:6, ? - help)
What level of the Dungeon? (default 1, ? - help)
There is a stone staircase leading down here.
You climb downwards.
The wight barely misses you. You furiously retaliate!
You headbutt the wight! The wight misses you.
The wight hits you with a +3 morningstar!
The wight misses you.
The wight hits you with a +2 halberd of freezing!
You feel drained. The wight freezes you.
There is a stone staircase leading up, spattered with blood here.
4184 ||| STAIRDANCE The wight hits you with a +5 flail!
The wight closely misses you.
The wight hits you from afar with a +3 halberd!
You feel drained. The wight closely misses you.
You climb upwards.
There is a stone staircase leading down here.
You shoot an arrow. The arrow hits the wight!
You destroy the wight!
Okawaru accepts your kill. The wight barely misses you.
The wight hits you with a +3 morningstar!
You die...

#.# #.# #.# ########### #.#
#.........# #.# #.#...###.#
####.# #########.#.#...#.#
#....# #............)%.#.#
#.####
#.#######.#.z@..#.####.#
####'## #.#.z[..#......#
......######.###...###########
......'........'.............#
......######.###....:........#
......# #[# #.........(...#
......# #.# #.......<.....#
......# #.# #...####'######
.<....# #.# #...# #.#


You could see 2 wights.

Vanquished Creatures
  2 black bears (D:5)
  2 wights (D:5)
  A howler monkey (D:4)
  An orc priest (D:5)
  2 hounds (D:4)
  A jelly (D:5)
  Jessica (D:2)
  An iguana (D:4)
  A sleepcap (D:4)
  6 adders
  A white imp (D:5)
  2 worms
  2 dart slugs (D:1)
  6 orcs
  4 ball pythons
  4 bats
  6 endoplasms
  A giant cockroach (D:4)
  4 goblins
  9 hobgoblins
  8 quokkas
  7 frilled lizards
  12 kobolds
  8 rats
92 creatures vanquished.

Notes
Turn   | Place    | Note
-------+----------+-------------------------------------------
     0 | D:1      | qw the Minotaur Hunter began the quest for the Orb.
     0 | D:1      | Reached XP level 1. HP: 18/18 MP: 0/0
     0 | D:1      | 0 ||| qw: Version: 0.2-a-119-g0488c42
     0 | D:1      | 0 ||| qw: Game counter: 2750
     0 | D:1      | 0 ||| qw: Always use a shield: true
     0 | D:1      | 0 ||| qw: God list: Okawaru
     0 | D:1      | 0 ||| qw: Allow faded altars: false
     0 | D:1      | 0 ||| qw: Do Orc after D:15 true
     0 | D:1      | 0 ||| qw: Do second Lair branch before Depths: true
     0 | D:1      | 0 ||| qw: Lair rune preference: random
     0 | D:1      | 0 ||| qw: Plans: Normal
     0 | D:1      | 0 ||| PLANNING D:1-11
   142 | D:1      | Reached XP level 2. HP: 25/25 MP: 1/1
   194 | D:1      | Reached skill level 5 in Ranged Weapons
   359 | D:1      | Reached skill level 3 in Fighting
   454 | D:1      | Reached XP level 3. HP: 31/31 MP: 2/2
   918 | D:1      | 918 ||| READING scroll labelled LIUWEI GEYF.
   919 | D:1      | 919 ||| DRINKING 2 green potions.
   920 | D:1      | 920 ||| DROPPING scroll of butterflies.
   921 | D:1      | 921 ||| DROPPING potion of attraction.
   979 | D:2      | Noticed Jessica
   980 | D:2      | 980 ||| FLEEEEING.
   981 | D:2      | 981 ||| FLEEEEING.
   982 | D:2      | 982 ||| FLEEEEING.
   983 | D:2      | 983 ||| FLEEEEING.
   984 | D:2      | 984 ||| FLEEEEING.
   985 | D:2      | 985 ||| FLEEEEING.
   986 | D:2      | 986 ||| STAIRDANCE
  1074 | D:2      | Killed Jessica
  1091 | D:2      | Found a faded altar of an unknown god.
  1114 | D:2      | Reached XP level 4. HP: 38/38 MP: 3/3
  1178 | D:2      | Reached skill level 6 in Ranged Weapons
  1851 | D:2      | 1851 ||| UPGRADING to +0 ring mail.
  1861 | D:2      | 1861 ||| DROPPING +0 leather armour.
  1862 | D:2      | 1862 ||| READING scroll labelled HAHURY US GITT.
  1908 | D:3      | Found a broken altar of Ashenzari.
  1973 | D:3      | Found a hazy altar of Hepliaklqana.
  2123 | D:3      | Reached skill level 1 in Armour
  2168 | D:3      | Found a shimmering blue altar of Sif Muna.
  2458 | D:3      | 2458 ||| READING scroll of enchant weapon.
  2458 | D:3      | 2458 ||| ENCHANTING +1 shortbow.
  2476 | D:3      | Reached XP level 5. HP: 46/46 MP: 4/4
  2563 | D:3      | 2563 ||| UPGRADING to amulet of regeneration.
  2568 | D:3      | 2568 ||| UPGRADING to +5 ring of evasion.
  2569 | D:3      | 2569 ||| READING scroll labelled KAOJ ZOFIGRO.
  2570 | D:3      | 2570 ||| READING scroll labelled ZAGO XOGIFEKUA.
  2571 | D:3      | 2571 ||| READING scroll labelled ANU GIACVYFUH.
  2576 | D:3      | 2576 ||| READING scroll labelled MAYCHOK FUTYNI.
  2577 | D:3      | 2577 ||| READING scroll labelled RYMAPL WEUZOKA.
  2578 | D:3      | 2578 ||| DRINKING 2 orange potions.
  2579 | D:3      | 2579 ||| DRINKING 3 ruby potions.
  2580 | D:3      | 2580 ||| DROPPING potion of enlightenment.
  2581 | D:3      | 2581 ||| DROPPING 2 potions of brilliance.
  2759 | D:4      | Reached skill level 7 in Ranged Weapons
  2798 | D:4      | Reached XP level 6. HP: 39/52 MP: 5/5
  3036 | D:4      | 3036 ||| DRINKING 2 fuming purple potions.
  3037 | D:4      | 3037 ||| READING 3 scrolls of identify.
  3037 | D:4      | 3037 ||| IDENTIFYING inky potion
  3038 | D:4      | 3038 ||| READING 2 scrolls of identify.
  3038 | D:4      | 3038 ||| IDENTIFYING viscous red potion
  3039 | D:4      | 3039 ||| DROPPING potion of lignification.
  3081 | D:5      | Entered Level 5 of the Dungeon
  3139 | D:5      | Reached skill level 8 in Ranged Weapons
  3223 | D:5      | 3223 ||| STAIRDANCE
  3227 | D:4      | Found a white marble altar of Elyvilon.
  3278 | D:5      | Found a staircase to the Ecumenical Temple.
  3279 | D:5      | 3279 ||| PLANNING TEMPLE
  3279 | D:5      | 3279 ||| READING scroll labelled UGGEQU HAMUF.
  3279 | D:5      | Identified a scroll of acquirement
  3279 | D:5      | 3279 ||| ACQUIRING +3 orcbow of freezing
  3279 | D:5      | Acquired a +3 orcbow of freezing
  3281 | D:5      | 3281 ||| SWAPPING to +3 orcbow of freezing.
  3282 | D:5      | 3282 ||| DROPPING +2 shortbow.
  3293 | Temple   | Entered the Ecumenical Temple
  3324 | Temple   | 3324 ||| PLANNING OKAWARU WORSHIP
  3474 | Temple   | Became a worshipper of Warmaster Okawaru
  3474 | Temple   | 3474 ||| PLANNING D:1-11
  4041 | D:5      | 4041 ||| READING scroll labelled ZALUNE IJOPP.
  4042 | D:5      | 4042 ||| READING scroll labelled UFFIACR WOANN.
  4133 | D:6      | 4133 ||| STAIRDANCE
  4133 | D:6      | HP: 8/48 [wight/+3 halberd (5)]
  4136 | D:5      | Reached XP level 7. HP: 12/60 MP: 6/6
  4184 | D:6      | 4184 ||| STAIRDANCE
  4184 | D:6      | HP: 13/59 [wight/+5 flail (16)]
  4184 | D:6      | HP: 6/59 [wight/+3 halberd (7)]
  4186 | D:5      | Mangled by a wight

Levels and vault maps discovered:
D:1:      lightli_arrival_statue_moat, layout_basic
D:2:      wander_river, layout_basic, hellmonk_ecumenical_altar_arch_garden,
          uniq_jessica
D:3:      layout_loops_cross, mainiacjoe_overflow_24_doors, ashenzari_altar_1,
          mainiacjoe_overflow_surrounded_room, minmay_joined_circles
D:4:      layout_cave_pools, nicolae_overflow_hidden_temple
D:5:      layout_basic, minmay_temple_entry_tees
D:6:      minmay_angry_zag, layout_gridville, mainiacjoe_overflow_brackets,
          uniq_menkaure
Temple:   nicolae_temple_bog_church

Skill      XL: |  1  2  3  4  5  6 |
---------------+-------------------+-----
Ranged Weapons | 5 6 7 8 |  8.1
Fighting       | 3 4 5 |  5.5
Armour         | 1 |  1.3
Dodging        | |  2.9
Stealth        | |  0.7

Action                     |  1- 3 |  4- 6 |  7- 9 || total
---------------------------+-------+-------+-------++-------
   Fire: Shortbow          |    87 |   148 |       ||   235
         Orcbow            |       |    16 |     2 ||    18
    Use: Scroll            |     1 |    12 |       ||    13
         Potion            |     1 |     3 |       ||     4
 Armour: Leather armour    |     1 |     1 |       ||     2
         Ring mail         |       |    19 |       ||    19
  Dodge: Dodged            |    13 |    57 |     7 ||    77

Table legend:
 A = Non-vault XP
 B = Vault XP
 C = Vault XP percentage of total XP
 D = Non-vault monster count
 E = Vault monster count
 F = Vault count percentage of total count
                 A         B        C        D         E       F
            +---------+---------+-------+---------+---------+-------
      Total |     881 |      92 |   9.5 |      80 |      12 |  13.0
            +---------+---------+-------+---------+---------+-------
        D:1 |      50 |       0 |   0.0 |      27 |       0 |   0.0
        D:2 |      33 |      37 |  52.9 |      19 |       1 |   5.0
        D:3 |      36 |      55 |  60.4 |       6 |      11 |  64.7
        D:4 |     238 |       0 |   0.0 |      15 |       0 |   0.0
        D:5 |     524 |       0 |   0.0 |      13 |       0 |   0.0
            +---------+---------+-------+---------+---------+-------
